 Dungeon Sprint DCSS version 0.21-a0-113-g6841d05 (webtiles) character file.

9653 minicreteconcrete the Fencer (level 11, -22/121 HPs)
             Began as a Naga Berserker on July 12, 2017.
             Was a High Priest of Trog.
             Annihilated by an orc knight
             ... wielding a +0 great mace
              (25 damage)
             ... in the Dungeon (Sprint IX: "|||||||||||||||||||||||||||||").
             The game lasted 00:10:09 (806 turns).

minicreteconcrete the Fencer (Naga Berserker)        Turns: 806, Time: 00:10:10

Health: -22/121    AC: 16    Str: 23    XL:     11   Next: 49%
Magic:  11/11      EV: 12    Int:  7    God:    Trog [*****.]
Gold:   1652       SH:  0    Dex: 14    Spells: 10/10 levels left

rFire    . . .     SeeInvis +   a - +1 triple sword (drain)
rCold    . . .     Gourm    .   (shield currently unavailable)
rNeg     . . .     Faith    .   s - +1 scale mail
rPois    +         Spirit   .   q - +0 helmet
rElec    .         Reflect  .   J - +0 cloak
rCorr    .         Harm     .   r - +0 pair of gloves
MR       +++..     NoTele   +   (no barding)
Stlth    ++........             (no amulet)
HPRegen  1.30/turn              t - +3 ring of strength
MPRegen  0.12/turn              u - +2 ring of protection

@: regenerating, very slow
A: see invisible, deformed body, poison resistance, slowness 2, slow metabolism
1, spit poison 1, AC +3
a: Spit Poison, Berserk, Trog's Hand, Brothers in Arms, Burn Spellbooks,
Renounce Religion


You were in the Dungeon.
You worshipped Trog.
Trog was extremely pleased with you.
You were not hungry.

You visited 1 branch You collected 1742 gold pieces.
You spent 90 gold pieces at shops.

Inventory:

Hand Weapons
 a - a +1 triple sword of draining (weapon)
 j - a +3 antimagic scimitar
 o - a +2 morningstar of protection
 p - a +0 falchion
 B - a +2 scimitar of protection
 D - a +4 great sword of distortion
 L - a +1 long sword of electrocution
 M - a +4 antimagic great sword
Missiles
 K - 3 throwing nets (quivered)
Armour
 b - a +0 animal skin
 q - a +0 helmet (worn)
 r - a +0 pair of gloves (worn)
 s - a +1 scale mail (worn)
 C - a +0 plate armour
 G - a +0 pair of gloves
 H - a +0 helmet
 I - a +0 pair of boots
 J - a +0 cloak (worn)
Magical Staves
 n - an uncursed staff of energy
Jewellery
 t - a +3 ring of strength (left hand)
 u - a +2 ring of protection (right hand)
Wands
 m - a wand of iceblast (7/15)
Scrolls
 i - 2 scrolls of blinking
 l - 4 scrolls of remove curse
 y - 2 scrolls of fog
 z - a scroll of recharging
 A - 2 scrolls of enchant armour
 P - a scroll of immolation
Potions
 d - 7 potions of curing
 e - 5 potions of heal wounds
 f - a potion of haste
 g - 4 potions of magic
 h - a potion of berserk rage
 k - a potion of invisibility
 v - a potion of brilliance
 w - 2 potions of might
Books
 x - a book of Conjurations

   Spells                             Type                      Level
   a - Magic Dart                     Conjuration                  1
   b - Searing Ray                    Conjuration                  2
   c - Dazzling Spray                 Conjuration/Hexes            3
   d - Fulminant Prism                Conjuration/Hexes            4
   e - Force Lance                    Conjuration/Translocation    4
   f - Iskenderun's Mystic Blast      Conjuration                  4
   Trog disapproves of the use of such an item.
Comestibles
 c - 13 bread rations
 E - 13 meat rations
 F - 40 fruits
 N - 3 chunks of flesh


   Skills:
 + Level 14.4 Fighting
 + Level 18.3 Long Blades
 + Level 9.1 Armour
 + Level 7.7 Dodging
 + Level 4.9 Stealth


You had 10 spell levels left.
You didn't know any spells.

Dungeon Overview and Level Annotations

Branches:
Dungeon (1/1)

Altars:
Cheibriados
Dithmenos
Elyvilon
Fedhas
Gozag
Hepliaklqana
Kikubaaqudgha
Makhleb
Nemelex Xobeh
Okawaru
Qazlal
Ru
Sif Muna
Trog
Uskayaw
Vehumet
Wu Jian
Xom
Yredelemnul
Zin
The Shining One
Beogh
Jiyva
Lugonu

Shops:
D ?*?=


Innate Abilities, Weirdness & Mutations

You cannot wear boots.
Your serpentine skin is tough. (AC +3)
You have supernaturally acute eyesight. (SInv)
Armour fits poorly on your strangely shaped body.
Your system is resistant to poisons. (rPois)
You cover ground very slowly.
You have a slow metabolism.
You can spit poison.


Message History

The orc knight shouts!
The orc knight hits you with a great sword!!
There is an entrance to Aphon's Magic Scroll Emporium here.
You closely miss the orc knight.
The orc knight shouts!
The orc knight hits you with a great sword!
You hit the orc knight but do no damage.
You drain the orc knight!
The orc knight is lightly wounded.
The orc knight hits you with a great sword!!
You slice the orc knight!!
The orc knight is moderately wounded.
You barely miss the orc knight. You closely miss the orc knight.
The orc knight hits you with a great mace!!!
* * * LOW HITPOINT WARNING * * *
Your deep troll goes berserk!
You feel somewhat more hungry.
The orc knight hits you with a great mace!!
You die...

_______'.?.).....)†.....[()....'.
▓▓▓▓▓▓▓▓▓▓▓▓▓▓▓▓▓▓▓▓▓▓▓▓▓▓▓▓▓▓▓▓▓
.................................
▓▓▓▓▓▓▓▓▓▓▓▓▓▓▓▓▓▓▓▓▓▓▓▓▓▓▓▓▓▓▓▓▓
.......††÷.......[..'........'...
▓▓▓▓▓▓▓▓▓▓▓▓▓▓▓▓▓▓▓▓▓▓▓▓▓▓▓▓▓▓▓▓▓
..((.((...............)..........
▓▓▓▓▓▓▓▓▓▓▓▓▓▓▓▓▓▓▓▓▓▓▓▓▓▓▓▓▓▓▓▓▓
))..))())).)∩.T.@oooo...+,,,,,,,,
▓▓▓▓▓▓▓▓▓▓▓▓▓▓▓▓▓▓▓▓▓▓▓▓*********
,,,,,,,,,,,,,,,,,,,,,,,,,,,,,,,,,
*********************************
,,,,,,,,+,,,,,,,,,,,,,,,+,,,,,,,,
*********************************
,,,,,,,,,,,,,,,,,,,,,,,,,,,,,,,,,
*********************************
,+,,,,,,,,,+,,,,,,,,,+,,,,,,,,,,,


You could see 4 orc knights and a friendly deep troll (berserk).

Vanquished Creatures
  Harold (D)
  A death yak (D)
  A cyclops (D)
  Joseph (D)
  A komodo dragon (D)
  A troll (D)
  A yak (D)
  A wraith (D)
  An acid dragon (D)
  A water moccasin (D)
  2 porcupines (D)
  5 orc warriors (D)
  2 ogres (D)
  A wolf (D)
  A bullfrog (D)
  2 scorpions (D)
  A killer bee (D)
  2 crimson imps (D)
  An orc wizard (D)
  2 worker ants (D)
  A worm (D)
  A leopard gecko (D)
  3 orcs (D)
  A bat (D)
  A bat zombie (D)
  A hobgoblin (D)
  A kobold (D)
  A rat (D)
39 creatures vanquished.

Vanquished Creatures (collateral kills)
  3 catoblepae (D)
  3 death yaks (D)
  9 orc knights (D)
  A black mamba (D)
  A spiny frog (D)
  2 komodo dragons (D)
  2 hippogriffs (D)
  A yak (D)
  A basilisk (D)
  2 porcupines (D)
  A water moccasin (D)
  7 orc warriors (D)
  A crocodile (D)
  A bullfrog (D)
  2 orc wizards (D)
  3 orc priests (D)
  5 orcs (D)
45 creatures vanquished.

Grand Total: 84 creatures vanquished

Notes
Turn   | Place    | Note
-------+----------+-------------------------------------------
     0 | D        | minicreteconcrete the Naga Berserker began the quest for the Orb.
     0 | D        | Reached XP level 1. HP: 21/21 MP: 1/1
    14 | D        | Reached ** piety under Trog
   124 | D        | Noticed a crimson imp
   124 | D        | Noticed a crimson imp
   124 | D        | Noticed a scorpion
   124 | D        | Noticed a worker ant
   130 | D        | Killed a crimson imp
   130 | D        | Reached skill level 5 in Long Blades
   130 | D        | Reached XP level 2. HP: 31/31 MP: 2/2
   130 | D        | Reached XP level 3. HP: 38/38 MP: 3/3
   132 | D        | Reached *** piety under Trog
   134 | D        | Killed a scorpion
   134 | D        | Reached skill level 5 in Fighting
   134 | D        | Reached skill level 6 in Long Blades
   134 | D        | Reached XP level 4. HP: 48/48 MP: 4/4
   136 | D        | Reached XP level 5. HP: 55/55 MP: 5/5
   140 | D        | Reached **** piety under Trog
   140 | D        | Reached skill level 7 in Long Blades
   150 | D        | Found a roughly hewn altar of Beogh.
   150 | D        | Found a snail-covered altar of Cheibriados.
   150 | D        | Found a shadowy altar of Dithmenos.
   150 | D        | Found a white marble altar of Elyvilon.
   150 | D        | Found a blossoming altar of Fedhas.
   150 | D        | Found an opulent altar of Gozag.
   151 | D        | Found a hazy altar of Hepliaklqana.
   152 | D        | Found a viscous altar of Jiyva.
   153 | D        | Found an ancient bone altar of Kikubaaqudgha.
   154 | D        | Found a corrupted altar of Lugonu.
   155 | D        | Found a burning altar of Makhleb.
   156 | D        | Found a sparkling altar of Nemelex Xobeh.
   157 | D        | Found an iron altar of Okawaru.
   158 | D        | Found a stormy altar of Qazlal.
   159 | D        | Found a sacrificial altar of Ru.
   160 | D        | Found a deep blue altar of Sif Muna.
   161 | D        | Found a bloodstained altar of Trog.
   162 | D        | Found a hide-covered altar of Uskayaw.
   163 | D        | Found a radiant altar of Vehumet.
   164 | D        | Found an ornate altar of the Wu Jian Council.
   165 | D        | Found a shimmering altar of Xom.
   166 | D        | Found a basalt altar of Yredelemnul.
   167 | D        | Found a glowing silver altar of Zin.
   168 | D        | Found a glowing golden altar of the Shining One.
   220 | D        | Noticed an ogre
   220 | D        | Noticed a troll
   224 | D        | Killed an ogre
   224 | D        | Reached skill level 8 in Long Blades
   224 | D        | Reached XP level 6. HP: 67/67 MP: 6/6
   229 | D        | Reached skill level 9 in Long Blades
   232 | D        | Killed a troll
   232 | D        | Reached skill level 10 in Long Blades
   232 | D        | Reached XP level 7. HP: 76/76 MP: 7/7
   238 | D        | Reached ***** piety under Trog
   264 | D        | Noticed a wraith
   264 | D        | Noticed a cyclops
   268 | D        | Killed a wraith
   268 | D        | Reached skill level 10 in Fighting
   268 | D        | Reached skill level 11 in Long Blades
   268 | D        | Reached skill level 5 in Dodging
   270 | D        | Reached XP level 8. HP: 87/87 MP: 8/8
   277 | D        | Killed a cyclops
   277 | D        | Reached skill level 12 in Long Blades
   285 | D        | Reached skill level 5 in Armour
   400 | D        | Noticed a komodo dragon
   402 | D        | Reached skill level 13 in Long Blades
   408 | D        | Noticed a komodo dragon
   409 | D        | Killed a komodo dragon
   409 | D        | Reached skill level 1 in Stealth
   409 | D        | Reached XP level 9. HP: 97/97 MP: 9/9
   418 | D        | Reached ****** piety under Trog
   418 | D        | Received a gift from Trog
   418 | D        | Reached skill level 14 in Long Blades
   421 | D        | Killed a komodo dragon
   434 | D        | Noticed a death yak
   434 | D        | Noticed a black mamba
   437 | D        | Killed a death yak
   437 | D        | Killed a black mamba
   437 | D        | Received a gift from Trog
   437 | D        | Reached skill level 15 in Long Blades
   438 | D        | Noticed a komodo dragon
   451 | D        | Killed a komodo dragon
   451 | D        | Reached XP level 10. HP: 22/108 MP: 3/10
   460 | D        | Noticed a spiny frog
   463 | D        | Killed a spiny frog
   470 | D        | Noticed a catoblepas
   470 | D        | Noticed a catoblepas
   470 | D        | Noticed a death yak
   470 | D        | Noticed a death yak
   472 | D        | Killed a catoblepas
   473 | D        | Killed a catoblepas
   476 | D        | Noticed a catoblepas
   476 | D        | Killed a death yak
   476 | D        | Received a gift from Trog
   476 | D        | Reached skill level 16 in Long Blades
   477 | D        | Killed a death yak
   481 | D        | Noticed a death yak
   481 | D        | Killed a catoblepas
   496 | D        | Killed a death yak
   551 | D        | Noticed Harold
   562 | D        | Killed Harold
   562 | D        | Reached skill level 17 in Long Blades
   562 | D        | Reached XP level 11. HP: 76/117 MP: 3/11
   582 | D        | Noticed Joseph
   593 | D        | Killed Joseph
   644 | D        | Received a gift from Trog
   679 | D        | Received a gift from Trog
   697 | D        | Noticed an orc knight
   705 | D        | Killed an orc knight
   708 | D        | Noticed an orc knight
   712 | D        | Received a gift from Trog
   721 | D        | Killed an orc knight
   762 | D        | Found Hemet's Magic Scroll Emporium.
   762 | D        | Noticed an orc knight
   762 | D        | Noticed an orc knight
   762 | D        | Noticed an orc knight
   762 | D        | Noticed an orc knight
   762 | D        | Noticed an orc knight
   764 | D        | Noticed an orc knight
   766 | D        | Killed an orc knight
   771 | D        | Killed an orc knight
   771 | D        | Reached skill level 18 in Long Blades
   773 | D        | Killed an orc knight
   775 | D        | Killed an orc knight
   777 | D        | Noticed an orc knight
   777 | D        | Killed an orc knight
   777 | D        | Received a gift from Trog
   779 | D        | Killed an orc knight
   781 | D        | Killed an orc knight
   782 | D        | Found Jekle's General Store.
   786 | D        | Found Aphon's Magic Scroll Emporium.
   792 | D        | Found Jeimyar's Jewellery Shoppe.
   795 | D        | Bought a scroll of magic mapping for 45 gold pieces
   795 | D        | Bought a scroll of immolation for 45 gold pieces
   796 | D        | Noticed an orc knight
   797 | D        | Noticed an orc knight
   799 | D        | Noticed an orc knight
   800 | D        | Noticed an orc knight
   805 | D        | HP: 2/121 [orc knight/great mace (44)]
   806 | D        | Annihilated by an orc knight

Vault maps used:
D:        linesprint

Skill      XL: |  1  2  3  4  5  6  7  8  9 10 11 |
---------------+----------------------------------+-----
Fighting       | 4 5 6 7 9 10 11 12 13 14 | 14.4
Long Blades    | 5 6 8 10 11 13 15 17 18 | 18.3
Armour         | 2 3 4 5 6 8 9 |  9.1
Dodging        | 2 3 4 5 6 7 |  7.7
Stealth        | 1 3 4 |  4.9

Action                   |  1- 3 |  4- 6 |  7- 9 | 10-12 || total
-------------------------+-------+-------+-------+-------++-------
Melee: Falchion          |    20 |     5 |       |       ||    25
       Scimitar          |       |    11 |    43 |       ||    54
       Great sword       |       |       |     5 |    36 ||    41
       Triple sword      |       |       |       |    18 ||    18
Invok: Berserk           |     1 |     1 |     2 |       ||     4
       Trog's Hand       |       |       |     1 |     6 ||     7
       Brothers in Arms  |       |       |     2 |     6 ||     8
 Abil: Spit Poison       |     1 |       |       |     1 ||     2
  Use: Scroll            |       |       |       |     1 ||     1
       Potion            |       |       |       |     1 ||     1
  Eat: Chunk             |       |       |     3 |     2 ||     5
       Bread ration      |       |       |       |     1 ||     1
Armor: Scale mail        |       |     1 |     6 |     7 ||    14
Dodge: Dodged            |     6 |     6 |    21 |    26 ||    59
       Rpst.: Falchion   |     4 |       |       |       ||     4
       Scimitar          |       |     1 |    10 |       ||    11
       Great sword       |       |       |     1 |     3 ||     4
